[Event "*** Titled Tuesday 3|2 Blitz"]
[Site "Chess.com"]
[Date "2016.10.04"]
[Round "8"]
[White "psv98"]
[Black "Paralinch"]
[Result "1/2-1/2"]
[WhiteElo "2602"]
[BlackElo "2625"]
[TimeControl "180+2"]
[EndTime "18:49:33 PDT"]
[Termination "Game drawn by repetition"]

1. Nf3 d5 2. c4 c6 3. e3 Nf6 4.
Nc3 a6 5. d4 b5 6. cxd5 cxd5 7.
Bd3 e6 8. O-O Bb7 9. Ne5 Nbd7 10. f4 Be7 11. Bd2 O-O 12. Qf3 b4 13. Ne2 Ne4 14.
Be1 f5 15. g4 Nxe5 16. fxe5 fxg4 17. Qxg4 Rxf1+ 18. Kxf1 Qf8+ 19. Kg1 Qf5 20. Qxf5 exf5 21. Rc1 Rc8 22. Rxc8+ Bxc8 23. Nf4 Bb7 24. Bc2 g5 25. Nd3 a5 26. Nf2 Kf7 27. Nxe4 fxe4 28. Bd1 Bc8 29.
Bh5+ Kg7 30. Kg2 a4 31. b3 a3 32. Be2 Kg6 33. Bb5 h5 34. Be8+ Kh6 35. Bf7 Bb7 36.
Kg3 g4 37. h4 gxh3 38. Kxh3 Bg5 39. Bf2 Bc6 40. Kg2 h4 41. Kh3 Kg7 42. Be6 Kh6 43.
Bf7 Kg7 44. Be6 Kh6 45. Kg4 Kg6 46. Bf5+ Kh6 47. Be6 Kg6 48. Bf5+ Kh6 49. Be6 Kg6 50. Bf5+ 1/2-1/2

[Event "*** Titled Tuesday 3|2 Blitz"]
[Site "Chess.com"]
[Date "2016.10.04"]
[Round "8"]
[White "Kubas1010"]
[Black "michaelk123"]
[Result "1-0"]
[WhiteElo "2455"]
[BlackElo "2241"]
[TimeControl "180+2"]
[EndTime "18:49:40 PDT"]
[Termination "Kubas1010 won by resignation"]

1. e4 c5 2. Nf3 e6 3. g3 d5 4.
exd5 exd5 5. d4 Nc6 6. Bg2 Bg4 7.
O-O Nxd4 8. Qe1+ Ne6 9. Ne5 Bf5 10. c4 Nf6 11. Nc3 d4 12. Nd5 Bd6 13. Nxf6+ Qxf6 14. Bxb7 Bxe5 15. Bxa8 O-O 16. f4 Bd3 17. Rf3 Rxa8 18. Rxd3 Qg6 19. Rf3 Bf6 20. f5 Qg4 21.
Kg2 Ng5 22. Bxg5 Bxg5 23. h3 Qh5 24. Qe4 Rb8 25. b3 Be3 26. Re1 Qh6 27. Rfxe3 dxe3 28.
Rxe3 Qd6 29. Qe8+ Qf8 30. Qxf8+ Kxf8 31. Rd3 Rb6 32. Kf3 Ra6 33. Rd2 Ke7 34. Ke4 g6 35. g4 gxf5+ 36. Kxf5 Rf6+ 37. Ke5 Re6+ 38. Kf4 Rf6+ 39.
Ke3 Ra6 40. Kd3 Ke6 41. Re2+ Kd6 42. Kc3 Rb6 43. Rf2 Ke6 44. Rf5 Ra6 45. Rh5 Rxa2 46. Rxh7 Rf2 47. Rh6+ Ke5 48. Rh5+ Kd6 49. Rd5+ Kc6 50.
Rf5 Rh2 51. Rf6+ Kd7 52. Rxf7+ Ke6 53. Rh7 a5 54. Rh5 Rh1 55. Rxc5 Rxh3+ 56. Kb2 Rg3 57. g5 a4 58. bxa4 Kd6 59. Rd5+ Kc6 60. a5 Kc7 61. Kc2 Kc6 62. Kd2 Kc7 63. Ke2 Kc6 64. Kf2 Rc3 65. g6 Rxc4 66. Rg5 Rf4+ 67. Kg3 Rf8 68. g7 Rg8 69.
Kg4 Kd6 70. Kf5 Ke7 71. Kg6 Ke6 72. Kh7 Kf7 73. Rf5+ Ke6 74. Kxg8 1-0

[Event "*** Titled Tuesday 3|2 Blitz"]
[Site "Chess.com"]
[Date "2016.10.04"]
[Round "8"]
[White "johnathan113"]
[Black "Fins0905"]
[Result "1-0"]
[WhiteElo "2305"]
[BlackElo "2406"]
[TimeControl "180+2"]
[EndTime "18:49:46 PDT"]
[Termination "johnathan113 won by resignation"]

1. e4 d5 2. exd5 Qxd5 3. Nc3 Qa5 4. d4 c6 5. Nf3 Nf6 6. Bc4 Bf5 7. Bd2 e6 8. Qe2 Bb4 9. a3 Nbd7 10. Ba2 Bxc3 11. Bxc3 Qc7 12. O-O-O O-O-O 13. Ne5 Nxe5 14. dxe5 Ne4 15.
Qe3 Nxc3 16. Qxc3 Qb6 17. f3 Qf2 18. g4 Bg6 19. Bb3 h5 20. Rd6 hxg4 21. fxg4 Rxh2 22. Rhd1 Rhh8 23. a4 Rxd6 24. exd6 Qf4+ 25. Kb1 Rd8 26.
Qc5 a6 27. Rd4 Qf1+ 28. Ka2 Kb8 29. d7 Ka8 30. Qb6 Qf6 31. Bc4 Qe7 32. Bxa6 Rxd7 33. Bxb7+ Rxb7 34. Rd8+ Qxd8 35. Qxd8+ Ka7 36. Qd4+ Kb8 37. c3 Bc2 38. a5 Bb3+ 39. Ka3 f6 40. a6 Rb5 41. c4 Bxc4 42. Qxc4 Kc7 43. Qa4 Kb8 44. a7+ Ka8 45. Qa6 Rb7 46. Qxc6 e5 47.
b4 Kxa7 48. b5 Kb8 49. b6 1-0

[Event "*** Titled Tuesday 3|2 Blitz"]
[Site "Chess.com"]
[Date "2016.10.04"]
[Round "8"]
[White "bugsbunny444"]
[Black "Schwarzschidl"]
[Result "0-1"]
[WhiteElo "2334"]
[BlackElo "2344"]
[TimeControl "180+2"]
[EndTime "18:50:06 PDT"]
[Termination "Schwarzschidl won by resignation"]

1. Nf3 d5 2. c4 e6 3. g3 Nf6 4.
Bg2 Be7 5. O-O O-O 6. b3 c6 7. d4 Nbd7 8. Qc2 Ne4 9. Nfd2 f5 10. f3 Nd6 11. e4 b6 12. Nc3 Ba6 13. e5 Nf7 14.
Rd1 Rc8 15. f4 c5 16. dxc5 d4 17. c6 Ndxe5 18. fxe5 dxc3 19. Nb1 Bc5+ 20. Kh1 Qc7 21. Nxc3 Nxe5 22. Bf4 g5 23. Nb5 Qg7 24. Bxe5 Qxe5 25. Re1 Qg7 26. Rad1 Rce8 27. Rd7 Re7 28. Qd3 Bc8 29.
Rxe7 Qxe7 30. Rd1 a6 31. Nc3 f4 32. Na4 Be3 33. Qd6 Qxd6 34. Rxd6 f3 35. Bf1 g4 36.
Rd3 Bc5 37. Nxc5 bxc5 38. Kg1 Kf7 39. Kf2 Ke7 40. h3 h5 41. Re3 Rf6 42. Re5 Kd6 43. Rxh5 e5 44. hxg4 Bxg4 45. Rh4 Be6 46. Bh3 Bxh3 47.
Rxh3 e4 48. Rh4 e3+ 49. Kxe3 f2 50. Rh1 f1=Q 0-1

[Event "*** Titled Tuesday 3|2 Blitz"]
[Site "Chess.com"]
[Date "2016.10.04"]
[Round "8"]
[White "dretch"]
[Black "Newlight1"]
[Result "1-0"]
[WhiteElo "2664"]
[BlackElo "2533"]
[TimeControl "180+2"]
[EndTime "18:50:07 PDT"]
[Termination "dretch won by resignation"]

1. d4 Nf6 2. c4 c5 3. d5 e6 4.
Nc3 exd5 5. cxd5 d6 6. e4 g6 7. h3 Bg7 8. Nf3 O-O 9. Bd3 b5 10. Bxb5 Nxe4 11. Nxe4 Qa5+ 12. Nfd2 Qxb5 13. Nxd6 Qa6 14.
N2c4 Nd7 15. O-O Ne5 16. Nxc8 Raxc8 17. Nxe5 Bxe5 18. Re1 Rfe8 19. Bg5 Bd4 20. Qf3 Bxb2 21. Rab1 Be5 22. Rbd1 Qd6 23. Qa3 Bh2+ 24. Kf1 Rxe1+ 25. Rxe1 Qxd5 26. Qa6 Rb8 27. Bh6 Bd6 28. Qxa7 Rd8 29.
Qa4 Bf8 30. Be3 c4 31. Kg1 c3 32. Qc2 Rc8 33. Rd1 Qa5 34. Rd3 Bg7 35. Bd4 Bxd4 36.
Rxd4 Qb5 37. Rd1 Qb2 38. Rc1 Qxc2 39. Rxc2 Kg7 40. Kf1 Kf6 41. Ke2 Ke5 42. Kd3 Ra8 43.
Kxc3 f5 44. Re2+ Kd5 45. Rd2+ Kc5 46. Kb3 Rb8+ 47. Kc2 Ra8 48. Kb2 Rb8+ 49. Kc1 Ra8 50. g3 Kc4 51. Kd1 Kc3 52. Ke2 Re8+ 53. Kd1 Ra8 54.
Re2 Rd8+ 55. Ke1 Ra8 56. Kf1 Rd8 57. Kg2 Ra8 58. Kf3 Ra4 59. h4 Kd4 60. Kf4 Kd3+ 61. Kf3 Kd4 62. Rb2 Kd3 63. Rb3+ Kd4 64. a3 Kc4 65. Rb4+ Rxb4 66. axb4 Kxb4 67. Kf4 Kc5 68. Kg5 Kd6 69. Kh6 Ke6 70. Kxh7 Kf7 71. Kh6 Kf6 72.
f3 Kf7 73. h5 gxh5 74. Kxh5 Kf6 75. Kh6 Ke5 76. Kg5 Ke6 77. f4 1-0

[Event "*** Titled Tuesday 3|2 Blitz"]
[Site "Chess.com"]
[Date "2016.10.04"]
[Round "8"]
[White "michaelq2d5"]
[Black "MattyDPerrine"]
[Result "1-0"]
[WhiteElo "2522"]
[BlackElo "2250"]
[TimeControl "180+2"]
[EndTime "18:51:00 PDT"]
[Termination "michaelq2d5 won by resignation"]

1. d4 Nf6 2. c4 c5 3. d5 b5 4. cxb5 a6 5. bxa6 g6 6. Nc3 Bg7 7. g3 O-O 8. Bg2 d6 9. Nf3 Bxa6 10.
Rb1 Qa5 11. Bd2 Nbd7 12. b3 Rfb8 13. O-O Ng4 14. Qc2 Qa3 15. Rfd1 Nge5 16. Nxe5 Nxe5 17.
Bc1 Qa5 18. a4 c4 19. Bd2 cxb3 20. Rxb3 Rxb3 21. Qxb3 Bc4 22. Qb7 Qa7 23. Qxa7 Rxa7 24. Be3 Rb7 25. a5 Nd7 26. Bd4 Rb3 27. Bxg7 Kxg7 28. Rc1 Nc5 29. h4 Ra3 30. Nb1 Ra1 31.
Rxc4 Rxb1+ 32. Kh2 Ra1 33. h5 Rxa5 34. hxg6 hxg6 35.
Bf3 Ra2 36. Kg2 Kf6 37. g4 Ke5 38. Kg3 g5 39. e3 Nd3 40. Be4 Nc5 41. Bf3 e6 42.
dxe6 fxe6 43. Rd4 d5 44. Bg2 Ra3 45. Kf3 Ne4 46. Bf1 Ra2 47. Be2 Nd2+ 48. Kg2 Nb3 49. Rb4 Nc1 50. Bf1 Ra3 51. Bb5 Nb3 52. Bd7 Nc5 53. Bc8 Ra2 54. Rb6 Rc2 55. Kf3 Kf6 56.
Kg2 Ke7 57. Kg1 Kf6 58. Kg2 Ke5 59. Kg1 Ra2 60. Kg2 Ra8 61. f4+ Kf6 62. Bxe6 Ra2+ 63. Kf3 gxf4 64. Bxd5+ Ke7 65. Bxa2 1-0

[Event "*** Titled Tuesday 3|2 Blitz"]
[Site "Chess.com"]
[Date "2016.10.04"]
[Round "8"]
[White "jlandaw"]
[Black "hardingstoptry"]
[Result "1-0"]
[WhiteElo "2335"]
[BlackElo "2473"]
[TimeControl "180+2"]
[EndTime "18:51:03 PDT"]
[Termination "jlandaw won by checkmate"]

1. e4 e6 2. d4 d5 3. e5 c5 4. c3 Nc6 5. Nf3 Qb6 6. Bd3 cxd4 7.
cxd4 Nge7 8. Nc3 Bd7 9. O-O Nxd4 10. Nxd4 Qxd4 11. Nb5 Qxe5 12. Re1 Qb8 13. Qf3 Bxb5 14.
Bxb5+ Nc6 15. Qxd5 Qc8 16. Qg5 a6 17. Ba4 b5 18.
Bb3 Nd4 19. Bd5 Nc2 20. Bf4 Nxa1 21. Rxa1 g6 22. Rc1 Qxc1+ 23. Bxc1 Rc8 24. Bb7 Rc5 25. Qe3 Be7 26. g3 O-O 27. Bd2 Rb8 28. Bb4 Rc7 29. Bxe7 Rxe7 30. Bxa6 b4 31. Bc4 Rd7 32. Kg2 Rdd8 33.
h4 h5 34. Qe5 Rb6 35. Qf6 Rc8 36. Bd3 Rbc6 37. Be4 Rc5 38. a4 bxa3 39. bxa3 R8c7 40. a4 Kh7 41. Qd8 Ra7 42. Qb6 Rca5 43. Bc6 R5a6 44.
Qc5 Rc7 45. Qb5 Raxc6 46. a5 Rd6 47. Qb4 Ra6 48. Qb5 Rca7 49. g4 hxg4 50. Qg5 Rxa5 51.
Qxg4 Ra4 52. Qg5 R7a5 53. Qe7 Rf5 54. Kg3 Raf4 55. Qb7 Rxf2 56. Kg4 R5f4+ 57. Kg3 R2f3+ 58. Kg2 Rf2+ 59. Kg3 Kh6 60. Qb8 R2f3+ 61. Kg2 Rf2+ 62.
Kg3 R4f3+ 63. Kg4 Rf5 64. Qh8# 1-0

[Event "*** Titled Tuesday 3|2 Blitz"]
[Site "Chess.com"]
[Date "2016.10.04"]
[Round "8"]
[White "gmjoey1"]
[Black "Mornar1951"]
[Result "0-1"]
[WhiteElo "2483"]
[BlackElo "2590"]
[TimeControl "180+2"]
[EndTime "18:51:46 PDT"]
[Termination "Mornar1951 won by resignation"]

1. e4 d5 2. exd5 Nf6 3. d4 Bg4 4. Be2 Bxe2 5. Qxe2 Qxd5 6. Nf3 e6 7. O-O Nc6 8. Rd1 O-O-O 9. Be3 Qh5 10. Nbd2 Bd6 11.
Nf1 Rhg8 12. c4 g5 13. c5 Bf4 14. b4 g4 15. Ne1 g3 16. Qxh5 gxf2+ 17. Bxf2 Nxh5 18.
b5 Nb4 19. Nd3 Nxd3 20. Rxd3 Rd5 21. Rf3 f6 22. Re1 e5 23. dxe5 Bxe5 24. g3 Nf4 25. Be3 Nh3+ 26. Kg2 Ng5 27. Bxg5 Rxg5 28. Rc1 Bd4 29.
h4 Rgf5 30. c6 Rxf3 31. Kxf3 Rxb5 32. Ke4 Be5 33. g4 Rb4+ 34. Kf5 Rf4+ 35. Ke6 Rxg4 36. Ne3 Re4 37. cxb7+ Kb8 38. Nc4 Kxb7 39. Kd5 Rxh4 40. Na5+ Ka6 41. Nc6 Bd6 42. Rb1 Rh5+ 43. Ke6 Rb5 44.
Rh1 Rb6 45. Kd7 f5 46. Rxh7 f4 47. Rh5 Rb5 48. Rh4 Rg5 49. Nd4 Kb6 50. Ne6 Rf5 51.
Rh1 f3 52. Rb1+ Ka5 53. Nd4 Rf4 54. Nc6+ Ka4 55. Rf1 f2 56. Nxa7 Bc5 57. Nc6 Bb6 58. Ne5 Rd4+ 59. Kc6 Rd6+ 60. Kb7 Kb4 61. Ng4 Rd2 62.
Nxf2 Bxf2 63. Kxc7 Rxa2 64. Kd6 Bd4 65. Kd5 Rd2 66.
Ke4 Kc4 67. Rf4 Rd1 68. Rf8 Re1+ 69. Kf5 Rf1+ 70. Ke6 Rxf8 0-1

[Event "*** Titled Tuesday 3|2 Blitz"]
[Site "Chess.com"]
[Date "2016.10.04"]
[Round "8"]
[White "FearlessKing64"]
[Black "Rating-Schmating"]
[Result "1/2-1/2"]
[WhiteElo "2190"]
[BlackElo "2208"]
[TimeControl "180+2"]
[EndTime "18:56:09 PDT"]
[Termination "Game drawn - insufficient material"]

1. e4 e6 2. d4 d5 3. Nd2 a6 4.
c3 c5 5. e5 Ne7 6. f4 Nec6 7.
Ndf3 Nd7 8. Bd3 Qb6 9. Ne2 Be7 10.
O-O f5 11. exf6 Nxf6 12. Kh1 cxd4 13. Nexd4 Nxd4 14. Nxd4 Bd7 15. Qe2 O-O-O 16. Be3 Qc7 17. Bg1 Qd6 18. c4 dxc4 19. Bxc4 Nd5 20. Rac1 Kb8 21.
Bxd5 exd5 22. f5 Rhe8 23. Qf2 Bf6 24. Ne6 d4 25. Nxd8 Rxd8 26. Rfd1 Bc6 27. h3 Qd5 28.
Bh2+ Ka8 29. b3 d3 30. Rd2 Bg5 31. Bf4 Qxg2+ 32. Qxg2 Bxg2+ 33. Kxg2 Bxf4 34. Rcd1 Bxd2 35. Rxd2 Rd5 36. Kg3 Rxf5 37. Rxd3 Ka7 38. Rd7 Rg5+ 39. Kf4 Rg2 40. a4 h6 41. Rd3 Rf2+ 42. Ke5 Kb6 43. b4 Kc7 44. Kd5 Rf5+ 45. Kc4 Rf4+ 46. Kc3 Kc6 47.
Rg3 g5 48. Re3 Kd6 49. Rd3+ Ke6 50. Re3+ Kf6 51. Rd3 Kf5 52. b5 axb5 53. axb5 Ke5 54. Rd7 b6 55. Rb7 Rf6 56. Kd3 Kd5 57. Rc7 h5 58.
Ke3 g4 59. hxg4 hxg4 60. Rg7 Re6+ 61. Kd3 Kc5 62. Rg5+ Kb4 63. Rxg4+ Kxb5 64. Kc3 Re3+ 65. Kb2 Rh3 66. Rf4 Ka5 67. Re4 b5 68. Rf4 Rh2+ 69.
Kb3 Rh3+ 70. Kb2 Re3 71. Rg4 b4 72. Rf4 Ka4 73. Rf2 Rb3+ 74. Ka2 Ra3+ 75. Kb2 Rh3 76. Re2 Kb5 77. Rf2 Kc4 78. Rf4+ Kc5 79. Rf5+ Kc4 80. Rf4+ Kb5 81. Rf5+ Ka4 82. Rf2 Rh4 83. Re2 Rf4 84. Rd2 Rc4 85. Rg2 Rc5 86. Rf2 Rh5 87. Rg2 Kb5 88. Rf2 Rh4 89. Kb3 Rh3+ 90. Kb2 Rh4 91. Kb3 Rh3+ 92. Kb2 Rc3 93. Rg2 Rc4 94. Kb3 Rc3+ 95. Kb2 Rc5 96. Kb3 Rf5 97. Re2 Rf3+ 98. Kb2 Kc4 99. Re4+ Kc5 100. Re5+ Kd4 101. Re2 Kd3 102. Rh2 Kc4 103. Rh4+ Kc5 104. Rh5+ Kc4 105. Rh4+ Kb5 106. Rh5+ Ka4 107. Rh2 Rb3+ 108. Ka2 Re3 109. Kb2 Kb5 110. Rh5+ Ka4 111. Rh2 Rd3 112. Rg2 Kb5 113. Rg5+ Kc4 114. Rg4+ Kc5 115. Rg5+ Kc4 116. Rg4+ Kb5 117. Rg5+ Ka4 118. Rg2 Rd7 119. Rf2 Rb7 120. Rg2 Kb5 121. Rg5+ Kc4 122. Rg4+ Kb5 123. Kb3 Ka5 124. Rg5+ Ka6 125. Rg4 Ka5 126. Rg5+ Rb5 127.
Rxb5+ Kxb5 128. Kb2 Kc4 129. Kc2 Kb5 130. Kb3 Ka5 131. Kb2 Ka4 132. Ka2 Kb5 133. Kb3 Kc5 134. Kb2 Kb5 135.
Kb3 Ka5 136. Kb2 Ka4 137. Ka2 Ka5 138. Kb2 Kb5 139. Kb3 Kc5 140. Kb2 Kc4 141. Kc2 b3+ 142. Kb2 Kb4 143. Kb1 Ka3 144. Ka1 Ka4 145. Kb1 Kb4 146. Kb2 Ka4 147. Kb1 Kb5 148. Kb2 Kc4 149. Kb1 Kc3 150. Kc1 Kb4 151. Kb2 Kc4 152. Kb1 Kb4 153. Kb2 Ka4 154. Kb1 Ka3 155. Ka1 Kb4 156. Kb2 Kc4 157. Kb1 Kc3 158. Kc1 b2+ 159. Kb1 Kd3 160. Kxb2 1/2-1/2

[Event "*** Titled Tuesday 3|2 Blitz"]
[Site "Chess.com"]
[Date "2016.10.04"]
[Round "9"]
[White "GasconJR"]
[Black "Fins0905"]
[Result "0-1"]
[WhiteElo "2274"]
[BlackElo "2416"]
[TimeControl "180+2"]
[EndTime "18:58:54 PDT"]
[Termination "Fins0905 won by checkmate"]

1. e4 d5 2. Nc3 dxe4 3. Nxe4 Qd5 4. Nc3 Qa5 5. d4 Nf6 6. Nf3 c6 7. Bc4 Bf5 8. Bd2 e6 9. Nd5 Qd8 10. Nxf6+ gxf6 11. c3 Nd7 12. O-O Qc7 13. Nh4 Bg6 14.
f4 f5 15. Nf3 Bh5 16. Qb3 Bxf3 17. Bxe6 Be4 18. Bxf7+ Kd8 19. Rae1 Nf6 20. Bc4 Bd6 21.
Be3 Qg7 22. Bf2 Qxg2# 0-1

[Event "*** Titled Tuesday 3|2 Blitz"]
[Site "Chess.com"]
[Date "2016.10.04"]
[Round "9"]
[White "FearNoEvil12"]
[Black "Quiet_Desperation"]
[Result "0-1"]
[WhiteElo "1988"]
[BlackElo "2212"]
[TimeControl "180+2"]
[EndTime "18:58:56 PDT"]
[Termination "Quiet_Desperation won by resignation"]

1. e4 Nc6 2. d4 d5 3. e5 f6 4.
exf6 Nxf6 5. Nf3 Bg4 6. c3 g6 7.
Be2 Bg7 8. O-O O-O 9. Nbd2 Ne4 10. Nxe4 dxe4 11. Nd2 Bf5 12. Bg4 Qd7 13. Bxf5 gxf5 14.
Qe2 e5 15. dxe5 Nxe5 16. Nb3 Rae8 17. Be3 Kh8 18. Rad1 Qf7 19. Bd4 b6 20. g3 Nf3+ 21.
Kg2 Qh5 22. h3 Nh4+ 0-1

[Event "*** Titled Tuesday 3|2 Blitz"]
[Site "Chess.com"]
[Date "2016.10.04"]
[Round "9"]
[White "Iwannabetheguy"]
[Black "JMatias"]
[Result "0-1"]
[WhiteElo "2025"]
[BlackElo "2236"]
[TimeControl "180+2"]
[EndTime "19:01:37 PDT"]
[Termination "JMatias won by resignation"]

1. e4 e6 2. d4 d5 3. Nc3 Nf6 4. Bg5 Bb4 5. e5 h6 6. Bd2 Bxc3 7. bxc3 Ne4 8. Bd3 Nxd2 9. Qxd2 O-O 10. Nh3 c5 11. O-O Nc6 12. Bb5 Qb6 13. Bxc6 Qxc6 14. f4 Bd7 15. Rab1 b6 16. g4 Rac8 17. Rf2 cxd4 18. cxd4 Qc3 19. Qxc3 Rxc3 20. Rb3 Rfc8 21. Rxc3 Rxc3 22. Kg2 Ba4 23. f5 Bxc2 24. fxe6 fxe6 25.
Nf4 Be4+ 26. Kg1 Rc1+ 27. Rf1 Rxf1+ 28. Kxf1 Kf7 29. h4 g5 30. hxg5 hxg5 31. Nh5 b5 32. Ke2 b4 33. Kd2 Bb1 34. a3 bxa3 35.
Kc3 Ba2 36. Nf6 Bc4 37. Nd7 Be2 38. Nf6 Bd1 39. Nd7 Bxg4 40. Kb3 Be2 41. Nf6 Kg6 42. Kxa3 g4 43. Nxg4 Bxg4 44. Kb4 0-1

[Event "*** Titled Tuesday 3|2 Blitz"]
[Site "Chess.com"]
[Date "2016.10.04"]
[Round "9"]
[White "jk13"]
[Black "Kubas1010"]
[Result "1-0"]
[WhiteElo "2506"]
[BlackElo "2448"]
[TimeControl "180+2"]
[EndTime "19:01:57 PDT"]
[Termination "jk13 won by resignation"]

1. e4 e5 2. Nf3 Nc6 3. Bc4 Bc5 4. c3 Nf6 5. d3 d6 6. Bb3 a6 7. O-O Ba7 8. Nbd2 O-O 9. h3 Re8 10. Re1 Be6 11. Bc2 h6 12. Nf1 Ne7 13. Ng3 Ng6 14. d4 Qe7 15. Be3 Bd7 16. Qd2 Bb6 17. Rad1 Rad8 18.
Qc1 Bc6 19. Nf5 Qf8 20. Nxh6+ gxh6 21. Bxh6 Qe7 22. Bg5 Kg7 23. Nh2 Bd7 24. Rd3 Rh8 25.
Rf3 Nf4 26. Rxf4 exf4 27. e5 dxe5 28. dxe5 Qc5 29. Bxf6+ Kg8 30. Qxf4 1-0

[Event "*** Titled Tuesday 3|2 Blitz"]
[Site "Chess.com"]
[Date "2016.10.04"]
[Round "9"]
[White "maciek_92"]
[Black "platy3"]
[Result "0-1"]
[WhiteElo "2619"]
[BlackElo "2761"]
[TimeControl "180+2"]
[EndTime "19:02:19 PDT"]
[Termination "platy3 won by resignation"]

1. c4 Nf6 2. g3 e6 3. Nf3 d5 4.
Bg2 Be7 5. O-O O-O 6. b3 c5 7. cxd5 exd5 8. d4 Nc6 9. Bb2 Bg4 10. Nbd2 Re8 11. Rc1 cxd4 12. h3 Bh5 13. Re1 Qb6 14. g4 Bg6 15. Nf1 Bb4 16. N1d2 Ne4 17. Rxc6 bxc6 18. Bxd4 Qa5 19. Qa1 Bxd2 20. Nxd2 Qxd2 21. Bxe4 Rxe4 22. Bxg7 d4 23. Rd1 Qc3 0-1

[Event "*** Titled Tuesday 3|2 Blitz"]
[Site "Chess.com"]
[Date "2016.10.04"]
[Round "9"]
[White "ka1ser64"]
[Black "rithwik2002"]
[Result "0-1"]
[WhiteElo "2222"]
[BlackElo "1984"]
[TimeControl "180+2"]
[EndTime "19:02:45 PDT"]
[Termination "rithwik2002 won by checkmate"]

1. d4 Nf6 2. c4 e6 3. Nf3 d5 4.
Nc3 Nbd7 5. Bf4 dxc4 6. e4 b5 7. Nxb5 Bb4+ 8. Nd2 e5 9. dxe5 Nxe4 10. Bxc4 Nb6 11.
Be2 a6 12. Nc3 Bxc3 13. bxc3 Nxc3 14. Qc2 Nxe2 15. Kxe2 Qd4 16. Qe4 Qxe4+ 17. Nxe4 O-O 18. Rhc1 Nd5 19. Bd2 Rb8 20. f4 Rb2 21. Kd3 Bf5 22.
Re1 Rd8 23. Rad1 Nb6+ 24. Kc3 Na4+ 25. Kc4 Be6# 0-1

[Event "*** Titled Tuesday 3|2 Blitz"]
[Site "Chess.com"]
[Date "2016.10.04"]
[Round "9"]
[White "Newlight1"]
[Black "jlandaw"]
[Result "1/2-1/2"]
[WhiteElo "2529"]
[BlackElo "2340"]
[TimeControl "180+2"]
[EndTime "19:03:19 PDT"]
[Termination "Game drawn by agreement"]

1. e4 e5 2. Nf3 Nc6 3. d4 exd4 4.
Bc4 Nf6 5. O-O d6 6. Nxd4 Be7 7. Nxc6 bxc6 8. Nc3 O-O 9. Bf4 Bg4 10. f3 Be6 11. Qd3 Qb8 12. Bb3 Nd7 13. Be3 Bf6 14. Rad1 Re8 15. Bxe6 fxe6 16. b3 Qb4 17. Ne2 Qa3 18.
f4 d5 19. e5 Be7 20. Nd4 Bc5 21. Nxc6 Qxa2 22. Bxc5 Nxc5 23. Qe3 Ne4 24. c4 Qa6 25. cxd5 exd5 26. Rxd5 Qxc6 27. Qxe4 Qb6+ 28. Kh1 Qxb3 29. Rb1 Qc3 30. Rd7 a5 31. Rbd1 a4 32. Qf5 Qb3 33.
Qg5 g6 34. Qf6 1/2-1/2

[Event "*** Titled Tuesday 3|2 Blitz"]
[Site "Chess.com"]
[Date "2016.10.04"]
[Round "9"]
[White "Rating-Schmating"]
[Black "Scott-fox21"]
[Result "1-0"]
[WhiteElo "2215"]
[BlackElo "2150"]
[TimeControl "180+2"]
[EndTime "19:03:33 PDT"]
[Termination "Rating-Schmating won by checkmate"]

1. e4 c5 2. Nf3 d6 3. d4 cxd4 4. Nxd4 Nf6 5. Nc3 Nc6 6. Be2 g6 7. Be3 Bg7 8. O-O O-O 9. Qd2 d5 10. exd5 Nxd5 11. Nxc6 bxc6 12. Nxd5 cxd5 13. c3 Bb7 14.
Bc5 Qc7 15. Ba3 a6 16. Rad1 Rfe8 17. Bf3 Rad8 18. Rfe1 e5 19. Be2 d4 20. cxd4 Rxd4 21.
Qe3 Red8 22. Rxd4 exd4 23. Qg3 Qxg3 24. hxg3 d3 25. Rd1 d2 26. Bf3 Bc8 27. Be4 Bh6 28.
f4 Bg4 29. Bf3 Bxf3 30. gxf3 Rd3 31. Kf2 Bg7 32. Bb4 Bxb2 33. Rxd2 Rxd2+ 34. Bxd2 Bd4+ 35. Be3 Bf6 36. Bc5 Kg7 37. Ke3 Ba1 38. Bd4+ Bxd4+ 39. Kxd4 Kf6 40. Kc5 Ke6 41. Kb6 Kd5 42. Kxa6 Kd4 43. Kb5 Ke3 44. a4 Kxf3 45. a5 Kxg3 46. a6 h5 47. a7 h4 48. a8=Q h3 49. Qh1 f6 50.
Kc4 g5 51. fxg5 fxg5 52. Kd3 g4 53. Ke3 Kh4 54. Kf4 g3 55. Qf3 g2 56. Qg4# 1-0

[Event "*** Titled Tuesday 3|2 Blitz"]
[Site "Chess.com"]
[Date "2016.10.04"]
[Round "9"]
[White "Mornar1951"]
[Black "jcibarra"]
[Result "0-1"]
[WhiteElo "2584"]
[BlackElo "2681"]
[TimeControl "180+2"]
[EndTime "19:03:54 PDT"]
[Termination "jcibarra won by checkmate"]

1. d4 Nf6 2. c4 d6 3. g3 g6 4. Bg2 Bg7 5. Nf3 O-O 6. O-O Nc6 7.
Nc3 Bf5 8. Ne1 Na5 9. e4 Bg4 10.
f3 Bd7 11. Qe2 c5 12. Nc2 cxd4 13. Nxd4 Rc8 14. b3 Nd5 15. Nxd5 Bxd4+ 16. Be3 Bxa1 17. Rxa1 Nc6 18. Bh6 Re8 19. Qb2 e5 20. h4 f6 21.
Rd1 Be6 22. Be3 Bxd5 23. exd5 Nd4 24. Bxd4 exd4 25. Qxd4 Qb6 26. Qxb6 axb6 27. Kf2 b5 28. Bf1 Ra8 29. Rd2 b4 30. Bh3 Ra5 31. Bd7 Re7 32. Ba4 f5 33. f4 Re4 34. Kf3 Re1 35. Kf2 Ra1 36. Re2 Kf7 37. Kf3 Ra8 38. Kf2 b5 39.
cxb5 Rd1 40. b6 Rb8 41. Be8+ Kf8 42. Bc6 Rxb6 43. Re8+ Kf7 44. Rh8 Kg7 45. Rd8 Ra6 46. Rxd6 Rxa2+ 47. Ke3 Rad2 48. Rd7+ Kh6 49. Rb7 Rd3+ 50.
Ke2 R1d2+ 51. Ke1 Rb2 52. Rxb4 Rxg3 53. d6 Rg1# 0-1

[Event "*** Titled Tuesday 3|2 Blitz"]
[Site "Chess.com"]
[Date "2016.10.04"]
[Round "9"]
[White "michaelk123"]
[Black "GianmarcoVaR"]
[Result "1-0"]
[WhiteElo "2253"]
[BlackElo "2378"]
[TimeControl "180+2"]
[EndTime "19:04:05 PDT"]
[Termination "michaelk123 won by resignation"]

1. e4 c5 2. Nf3 d6 3. d4 cxd4 4.
Qxd4 Nc6 5. Bb5 Bd7 6. Qd3 Nf6 7. c4 g6 8. h3 Bg7 9. Nc3 O-O 10.
O-O Rc8 11. Be3 a6 12. Bxc6 Bxc6 13. Rac1 b5 14. cxb5 axb5 15. Nd4 b4 16. Nd5 Bxd5 17. exd5 Rxc1 18. Rxc1 Qa8 19. Nc6 Qb7 20. Rc4 Qb5 21.
Nxe7+ Kh8 22. Bd4 Re8 23. b3 Qa6 24. Qf3 Ng8 25. Qxf7 Bxd4 26. Qxe8 1-0

[Event "*** Titled Tuesday 3|2 Blitz"]
[Site "Chess.com"]
[Date "2016.10.04"]
[Round "9"]
[White "talaicito"]
[Black "minnesotachessmaster"]
[Result "1-0"]
[WhiteElo "1980"]
[BlackElo "1795"]
[TimeControl "180+2"]
[EndTime "19:04:12 PDT"]
[Termination "talaicito won by resignation"]

1. e4 c5 2. Nf3 d6 3. d4 cxd4 4.
Nxd4 Nf6 5. Nc3 e5 6. Nde2 Be7 7. g3 O-O 8. Bg2 Nbd7 9. O-O a6 10. h3 b6 11. Be3 Bb7 12. Qd2 Qc7 13. Rfd1 Rac8 14. Rac1 Nc5 15. Nd5 Ncxe4 16. Nxc7 Nxd2 17. Bxb7 Rxc7 18.
Bxa6 Nf3+ 19. Kg2 e4 20. Bb5 d5 21. Nd4 Bc5 22. Nxf3 exf3+ 23. Kxf3 h6 24. Bf4 Ra7 25. a3 Ne4 26. Rxd5 Nxf2 27. Rxc5 bxc5 28. Kxf2 Rb7 29. c4 f5 30. a4 Rd8 31. a5 Re7 32. a6 g6 33. Bxh6 1-0

[Event "*** Titled Tuesday 3|2 Blitz"]
[Site "Chess.com"]
[Date "2016.10.04"]
[Round "9"]
[White "spirals5"]
[Black "FearlessKing64"]
[Result "1/2-1/2"]
[WhiteElo "2253"]
[BlackElo "2191"]
[TimeControl "180+2"]
[EndTime "19:04:59 PDT"]
[Termination "Game drawn by agreement"]

1. e4 c5 2. Nc3 d6 3. g3 g6 4. Bg2 Bg7 5. d3 e6 6. f4 Ne7 7.
Nf3 Nbc6 8. O-O O-O 9. Be3 Bd7 10. d4 cxd4 11. Nxd4 Nxd4 12. Bxd4 Bc6 13. Bxg7 Kxg7 14.
Qd4+ Kg8 15. Rad1 d5 16. exd5 Nxd5 17. Nxd5 exd5 18. Bxd5 Bxd5 19. Qxd5 Qf6 20. Qd4 Qxd4+ 21. Rxd4 Rfc8 22. Rf2 Rc7 23. Rfd2 Kg7 24. c4 Rac8 25. b3 h5 26. Rd7 Kf6 27. Rxc7 Rxc7 28. Kf2 Ke6 29.
Kf3 b6 30. Rd5 Kf6 31. h3 Ke6 32. g4 hxg4+ 33. hxg4 Rc8 34. f5+ gxf5 35. gxf5+ Kf6 36. Kf4 Rc7 37. a4 Ke7 38. Ke5 f6+ 39. Kd4 Kf7 40.
a5 bxa5 41. Rxa5 Rd7+ 42. Kc3 Kg7 43. Ra6 Rf7 44. b4 Kh6 45. Kd4 Kg5 46. Ke4 Re7+ 47. Re6 Rc7 48. c5 Rb7 49. Kd5 Rxb4 50. Re7 a5 51. Ra7 a4 52. c6 Rb5+ 53. Kd6 Rb4 54. c7 Rc4 55. Kd7 Rd4+ 56. Kc6 Rc4+ 57. Kb5 Rc1 58.
Kxa4 Kxf5 59. Kb5 Kg5 60. Kb6 Rb1+ 61. Kc6 Rc1+ 62. Kd6 Rd1+ 63. Ke6 Re1+ 64. Kd5 Rd1+ 65. Ke4 Re1+ 66. Kf3 Rf1+ 67. Ke2 Rc1 68. Kd2 Rc6 69. Kd3 f5 70. Ke3 f4+ 71. Ke4 Rc4+ 72. Kd3 Rc6 73.
Ke4 Rc4+ 74. Kf3 Rc3+ 75. Ke4 Kg4 1/2-1/2